← All builds
Pond / Armada / Economy first / OBSERVED BUILD

Gunslinger buy

Armada Pond build order · Supreme Isthmus

Pond pays Tech to build and hand over a Gunslinger from 5:05 for the front line.

#team support · 104 distinct matches · 51 players · 5% of Armada Pond games · team won 46% of 104 · Recently observed

THE CATCH, AND WHAT COMES WITH IT
  • GunslingerGunslinger from Tech arrives 5:05 · 4% of role by thenTech makes it and hands it over.

Paid for by sending allies about 580 metal and 12,000 energy by 5:00; standard pond sends 0 metal and 9,000 energy.

Where those units first fight, in 99 games with kill data: in the middle 82%, on their own side 18%.

Those units destroy a typical 1,824 metal of enemy units by 15:00.

Then transitions into tick (31% of army), pawn (11% of army), blitz (8% of army).

HOW TO PLAY IT

Key timing: Gunslinger by 5:05

  1. Open tidal-heavy eco, pay allies metal and energy early.
  2. Put down Bot Lab as normal for Pond.
  3. Buy a Gunslinger from Tech instead of building your own.
  4. Send the Gunslinger to fight in the middle.
  5. Fall back into standard Tick/Pawn/Blitz production.

Phase by phase

TYPICAL OF ITS 104 GAMES · AGAINST STANDARD POND
  1. 1
  2. 2
  3. 3
PLAY THE OPENING

Follow the example game's first 6:05 step by step: what to build now, what comes next, and where it goes. At 1× it keeps pace with your own game.

  1. 1

    Up to the Bot Lab

    Economy
    • Metal Extractor4Mex
    • Tidal Generator8Tidalfor allies
    • Wind Turbine5Wind
    • Tidal Generator2Tidal
    • Energy Storage1Energy storage
    Order
    1. Bot LabBot Lab after 4 mex, 5 wind, 2 tidaldone ~3:50, middle half 3:16–5:40

    Some games also: converter (33%)

    By 3:29 in all: 4 mex · 5 wind · 2 tidal · 1 energy storage

    The example game in this phase · 8 steps
    1. Tidal ×8for Suicide front
    2. ShipyardShipyardfor Geo seadone 1:32
    3. Construction ShipCon shipfor Geo sea
    4. Mex ×4
    5. Wind ×6
    6. Energy storage
    7. Energy storage ×2for Front
    8. Bot LabBot Labdone 5:28 · typical 3:50
  2. 2

    Bot Lab to 5:00

    Economy
    • Wind Turbine1Wind−3 vs standard
    Builders
    • Construction Bot1 Con bot

    Some games also: Lazarus (33%)

    By 5:00 in all: 4 mex · 10 wind · 2 tidal · 1 converter · 1 energy storage

  3. 3

    5:00 to 10:00

    Economy
    • Wind Turbine18Wind−11 vs standard
    • Energy Converter2Converter−6 vs standard
    Builders
    • Construction Turret1 Con turret

    Some games also: tick (44%) · con bot (44%) · eat Bot Lab (41%)

    By 10:00 in all: 4 mex · 36 wind · 2 tidal · 6 converter (standard 9) · 1 energy storage · 2 con turret

    The example game in this phase · 171 steps
    1. Construction BotCon bot ×2
    2. Con turret
    3. Construction BotCon bot ×2
    4. Wind ×2
    5. Converter
    6. Wind ×2
    7. Converter
    8. Wind ×2
    9. Converter
    10. Wind
    11. Converter
    12. Wind
    13. TickTick
    14. Converter
    15. Wind
    16. TickTick
    17. Wind
    18. TickTick
    19. Converter
    20. TickTick
    21. Wind
    22. TickTick
    23. Converter
    24. TickTick
    25. Wind
    26. TickTick
    27. Converter
    28. Wind
    29. TickTick ×2
    30. Wind
    31. Converter
    32. TickTick
    33. Wind
    34. TickTick
    35. Wind
    36. TickTick
    37. Wind
    38. TickTick
    39. Wind
    40. TickTick
    41. Wind
    42. TickTick
    43. Wind
    44. TickTick
    45. Converter
    46. Wind
    47. TickTick
    48. Advanced Metal ExtractorT2 mexdone 9:11 · typical 9:22
    49. TickTick
    50. Wind
    51. Converter
    52. TickTick
    53. Wind
    54. TickTick
    55. Wind
    56. TickTick ×2
    57. Wind
    58. TickTick ×2
    59. Wind
    60. Converter
    61. TickTick
    62. Wind
    63. TickTick ×2
    64. Wind
    65. Advanced Metal ExtractorT2 mex
    66. Wind
    67. TickTick
    68. Wind
    69. TickTick
    70. PawnPawn
    71. Wind
    72. PawnPawn
    73. Wind
    74. PawnPawn
    75. Wind
    76. PawnPawn
    77. Wind
    78. PawnPawn
    79. Wind
    80. PawnPawn
    81. Wind
    82. PawnPawn
    83. Wind
    84. PawnPawn
    85. Converter
    86. Wind
    87. Advanced Metal ExtractorT2 mex
    88. PawnPawn
    89. Wind
    90. PawnPawn
    91. Wind
    92. PawnPawn
    93. Wind
    94. PawnPawn
    95. Wind
    96. PawnPawn
    97. Wind
    98. PawnPawn
    99. Wind
    100. CrossbowCrossbow
    101. Wind
    102. CrossbowCrossbow
    103. Aircraft PlantAircraft Plantdone 11:29
    104. CrossbowCrossbow ×4
    105. StorkLight transport
    106. CrossbowCrossbow
    107. StorkLight transport
    108. CrossbowCrossbow
    109. StormbringerBomber
    110. CrossbowCrossbow
    111. StormbringerBomber
    112. CrossbowCrossbow
    113. TickTick
    114. StormbringerBomber
    115. TickTick
    116. StorkLight transport
    117. TickTick ×2
    118. StorkLight transport
    119. TickTick
    120. CenturionCenturion
    121. StorkLight transport
    122. CenturionCenturion
    123. StorkLight transport
    124. CenturionCenturion
    125. StormbringerBomber
    126. CenturionCenturion
    127. StormbringerBomber
    128. Con turret
    129. TickTick
    130. StormbringerBomber
    131. Con turret
    132. TickTick ×2
    133. StormbringerBomber
    134. TickTick
    135. Bot LabBot Labdone 14:33
    136. TickTick
    137. Con turret
    138. TickTick
    139. Wind
    140. Con turret
    141. Wind ×2
    142. StormbringerBomber
    143. TickTick
    144. Wind
    145. TickTick
    146. Wind ×3
    147. StormbringerBomber
    148. Wind
    149. TickTick
    150. Wind
    151. StormbringerBomber
    152. TickTick
    153. Wind
    154. PawnPawn ×2
    155. Wind
    156. StormbringerBomber
    157. Wind
    158. PawnPawn
    159. Wind
    160. StormbringerBomber
    161. PawnPawn ×2
    162. Wind ×2
    163. PawnPawn
    164. Wind
    165. StormbringerBomber
    166. Wind
    167. PawnPawn
    168. Wind
    169. StormbringerBomber
    170. PawnPawn
    171. FalconFighter

Counts are medians over the build's games: half of them build more, half fewer. The example game is Private_Gator's (32 OS, 11/09/2026); pick another.

Team trades

IN AT LEAST 30% OF ITS GAMES

You hand over

  • Tidal Generator8 Tidal to Suicide front or Frontfirst at 0:12 · in 99% of games

You get

  • Gunslinger1 Gunslinger from Techfirst at 5:05 · in 100% of games
  • Advanced Construction Bot1 T2 con bot from Techfirst at 7:46 · in 96% of games

How it plays out

Typical game of this build against the role’s standard build, running totals by minute

  • This build
  • Standard pond

Metal produced

010k20k30k
0:005:0010:0015:00

metal

Enemy metal destroyed

02k4k6k
0:005:0010:0015:00

metal

Own metal lost

02k4k
0:005:0010:0015:00

metal

Metal sent to allies

01k2k
0:005:0010:0015:00

metal

Energy sent to allies

020k40k60k
0:005:0010:0015:00

metal

104 games.

Show as table
ByMetal produced: This buildMetal produced: Standard pondEnemy metal destroyed: This buildEnemy metal destroyed: Standard pondOwn metal lost: This buildOwn metal lost: Standard pondMetal sent to allies: This buildMetal sent to allies: Standard pondEnergy sent to allies: This buildEnergy sent to allies: Standard pond
1:0011511500000013471282
2:0026726800000031292781
3:0078379900000054704436
4:0014651473000093079756138
5:002180218500005771117798989
6:002949299500006722321696212657
7:00383539106372110507154372157315669
8:004793494814011702781178074632659319216
9:0059126223191837965031610164682842021289
10:00698677052666611106155211324903300223110
11:00910196453068842140085512415183826626170
12:001096512052316011691813128913205244553527931
13:001308114538386615532515187614366265056330525
14:001521217427453321343143253514926655367531558
15:001783320188488125993513324916287085562032681
WHAT THE NUMBERS SAY

Won less often than the standard build, but destroyed much more enemy metal by both 10:00 and 15:00 despite losing more of its own.

  • + Destroyed 5314 enemy metal by 15:00 vs 2982 for standard.
  • − Team win rate 40% vs 45% for standard build.
  • − Own metal lost by 15:00 (4508) well above standard (3531).
THE EXAMPLE YOU ARE READING

Private_Gator

31.8 OS · 11/09/2026

Open source match ↗

128 received units · includes a constructor
1192 metal received · 121961 energy received

Allied construction assistance is unknown. Timings are observations, not a promise of solo reproducibility.

Typical milestones

Bot Lab3:50Middle 50%: 3:16–5:40 · n=97
Advanced Metal Extractor9:22Middle 50%: 8:30–10:10 · n=98

Played most by

Deathkebab13games of this buildViltrum10games of this buildChaoticNoob7games of this build[NWP]Kadafi9235games of this buildStefan11565games of this build

Supporting games

Pick a game to read and play it above.

[CC]CupOfCoffee13/10/2026 · 30 OS↗Espera13/10/2026 · 40 OS↗JesterB12/10/2026 · 31 OS↗Flerpz12/10/2026 · 33 OS↗[Grump]Glorp_TTV11/10/2026 · 59 OS↗[NWP]Kadafi92311/10/2026 · 31 OS↗haaven09/10/2026 · 40 OS↗EpicTyrannus09/10/2026 · 44 OS↗Private_Gator11/09/2026 · 32 OS↗
32 more of 96, the most recent[NWP]Kadafi92308/10/2026 · 31 OS↗zeus_on_god08/10/2026 · 37 OS↗Viltrum07/10/2026 · 40 OS↗RiskyDonut06/10/2026 · 31 OS↗Graceful06/10/2026 · 37 OS↗[Cookie]CottonBuds05/10/2026 · 32 OS↗Graceful05/10/2026 · 37 OS↗Gieds03/10/2026 · 46 OS↗GeeGee03/10/2026 · 37 OS↗Ram_Me_Daddy03/10/2026 · 31 OS↗zeus_on_god03/10/2026 · 38 OS↗ChaoticNoob02/10/2026 · 36 OS↗enderOS102/10/2026 · 35 OS↗BiteMyAssets02/10/2026 · 30 OS↗FrontLiner69er01/10/2026 · 33 OS↗ChaoticNoob01/10/2026 · 35 OS↗ChaoticNoob01/10/2026 · 35 OS↗TheGeneraI29/09/2026 · 32 OS↗HuntressesofArtemis29/09/2026 · 35 OS↗[Cookie]CottonBuds29/09/2026 · 31 OS↗Stefan115628/09/2026 · 33 OS↗Ubilosis28/09/2026 · 30 OS↗Stefan115628/09/2026 · 33 OS↗Stefan115628/09/2026 · 33 OS↗Stefan115628/09/2026 · 33 OS↗Stefan115627/09/2026 · 33 OS↗Alphacure25/09/2026 · 35 OS↗Ph3nomix23/09/2026 · 31 OS↗Deathkebab23/09/2026 · 36 OS↗Fakepilot23/09/2026 · 34 OS↗GeeGee23/09/2026 · 37 OS↗[Crd]Mind_The_Gap22/09/2026 · 36 OS↗
Supreme Isthmus v2.1
Beyond All Reason test-31251-0ceadc7
Naval balance tweaks on